 Dungeon Crawl Stone Soup version 0.30-a0-458-g86641cc369 (webtiles) character file.

Game seed: 1142017773392486993

210 ders the Trooper (level 5, -19/48 HPs)
             Began as a Minotaur Fighter on Dec 14, 2022.
             Demolished by an ogre
             ... wielding a +0 giant club
              (26 damage)
             ... on level 4 of the Dungeon.
             The game lasted 00:02:43 (2569 turns).

ders the Trooper (Minotaur Fighter)                 Turns: 2569, Time: 00:02:44

Health: -19/48     AC:  8    Str: 23    XL:     5   Next: 56%
Magic:  0/4        EV:  9    Int:  5    God:
Gold:   136        SH:  4    Dex:  9    Spells: 4/4 levels left

rFire   . . .      SeeInvis .    a - +0 war axe
rCold   . . .      Faith    .    c - +0 buckler
rNeg    . . .      Spirit   +    b - +0 scale mail
rPois   .          Reflect  .    (helmet restricted)
rElec   .          Harm     .    (no cloak)
rCorr   .          Rampage  .    i - +0 pair of gloves
Will    .....                    (no boots)
Stlth   ..........               m - amulet of guardian spirit
HPRegen 0.28/turn                (no ring)
MPRegen 0.09/turn                (no ring)

@: mighty
A: horns 2, retaliatory headbutt
a: no special abilities


You were on level 4 of the Dungeon.
You visited 1 branch of the dungeon, and saw 4 of its levels.

You collected 136 gold pieces.

Inventory:

Hand Weapons
 a - a +0 war axe (weapon)
Armour
 b - a +0 scale mail (worn)
 c - a +0 buckler (worn)
 i - a +0 pair of gloves (worn)
Jewellery
 m - an amulet of guardian spirit (around neck)
 p - a ring of willpower
Scrolls
 e - a scroll of enchant weapon {unknown}
 j - a scroll of immolation {unknown}
 k - a scroll of silence {unknown}
 l - a scroll of amnesia {unknown}
 q - a scroll of teleportation {unknown}
 r - a scroll of identify {unknown}
Potions
 f - 3 potions of degeneration {unknown}
 g - 5 potions of curing {unknown}
 h - a potion of flight {unknown}
 n - 4 potions of attraction {unknown}
 o - a potion of mutation {unknown}


   Skills:
 * Level 5.3 Fighting
 * Level 4.5 Axes
 + Level 4.5 Armour
 + Level 4.4 Shields


You had 4 spell levels left.
You didn't know any spells.
Your spell library contained the following spells:

 Spells                   Type           Power      Damage    Failure   Level
 Ensorcelled Hibernation  Hex/Ice        0%         N/A       95%         2
 Call Canine Familiar     Summ           0%         N/A       99%         3
 Portal Projectile        Hex/Tloc       0%         N/A       99%         3
 Spider Form              Tmut/Pois      0%         N/A       99%         3
 Anguish                  Hex/Necr       0%         N/A       100%        4
 Leda's Liquefaction      Hex/Erth       0%         N/A       100%        4


Dungeon Overview and Level Annotations

Branches:
Dungeon (4/15)
 Temple: D:4-7

Altars:
Nemelex Xobeh
The Shining One

Shops:
D:2 (


Innate Abilities, Weirdness & Mutations

You have a pair of horns on your head.
You reflexively headbutt those who attack you in melee.


Message History

Found a stone staircase leading up.
The goblin closely misses you.
You hit the goblin but do no damage. The goblin hits you but does no damage.
You closely miss the goblin.
The goblin hits you but does no damage. x2
You hit the goblin.
The goblin is severely wounded.
The goblin hits you with a +0 dagger.
You closely miss the goblin. Your headbutt misses the goblin.
The goblin is severely wounded.
The goblin hits you but does no damage.
You slash the goblin!
You kill the goblin!
No target in view!
No target in view!
No target in view!
Done exploring.
Done exploring.
Done exploring.
Done exploring.
No target in view!
There is a stone staircase leading down here.
You climb downwards.
The goblin shouts!
There is a stone staircase leading up here.
Unknown command.
You feel very mighty all of a sudden.
You slice the ogre!!
The ogre is severely wounded.
The ogre hits you with a +0 giant club!!
Ouch! That really hurt!
You are too injured to fight recklessly!
You barely miss the ogre.
The ogre is severely wounded.
The ogre hits you with a +0 giant club!!
* * * LOW HITPOINT WARNING * * *
You completely miss the ogre.
The ogre is severely wounded.
The ogre hits you with a +0 giant club!!
Ouch! That really hurt!
You die...

.. #..# .
##..#
#.....######
.#.........
..........
#.........
#.........
#.@O.g....
#.........
....###....
...#### ...
#### .


You could see an ogre and a goblin.

Vanquished Creatures
  Jessica (D:2)
  3 gnolls (D:2)
  7 adders
  5 orcs (D:3)
  11 endoplasms
  14 giant cockroaches
  9 goblins
  5 hobgoblins
  2 jackals (D:3)
  A quokka (D:2)
  6 ball pythons
  3 bats
  4 frilled lizards
  5 kobolds
  6 rats
82 creatures vanquished.

Notes
Turn   | Place    | Note
-------+----------+-------------------------------------------
     0 | D:1      | ders the Minotaur Fighter began the quest for the Orb.
     0 | D:1      | Reached XP level 1. HP: 19/19 MP: 0/0
   150 | D:1      | Reached XP level 2. HP: 20/27 MP: 1/1
   257 | D:1      | Reached skill level 4 in Fighting
   846 | D:2      | Found Ihelomadd's Antique Weapon Boutique.
   894 | D:2      | Found a glowing golden altar of the Shining One.
   916 | D:2      | Reached XP level 3. HP: 33/33 MP: 2/2
  1080 | D:2      | Noticed Jessica
  1107 | D:2      | Killed Jessica
  1108 | D:2      | Reached XP level 4. HP: 15/41 MP: 1/3
  1838 | D:3      | Reached skill level 5 in Fighting
  1838 | D:3      | Reached XP level 5. HP: 48/48 MP: 4/4
  2334 | D:3      | Found a sparkling altar of Nemelex Xobeh.
  2565 | D:4      | Noticed an ogre
  2569 | D:4      | Demolished by an ogre

Illustrated notes

Levels and vault maps discovered:
D:1:      lightli_iron_boxes, layout_basic
D:2:      layout_basic, basic_altar, serial_shops, shop, minmay_curled_crystal,
          minmay_surrounded, uniq_jessica
D:3:      minmay_roachtagon, layout_loops_ring, nemelex_dance_club_becter,
          kennysheep_generic_room_5
D:4:      layout_basic, mainiacjoe_overflow_concentric_impassable,
          mainiacjoe_overflow_boulevard, minmay_temple_entry_offerings

Skill      XL: |  1  2  3  4 |
---------------+-------------+-----
Axes           | 3 4 |  4.5
Fighting       | 4 5 |  5.3
Shields        | 4 |  4.4
Armour         | 4 |  4.5

Action                   |  1- 3 |  4- 6 || total
-------------------------+-------+-------++-------
Melee: War axe           |    55 |    79 ||   134
       Headbutt          |     8 |     8 ||    16
  Use: Potion            |       |     1 ||     1
Armor: Scale mail        |    39 |    36 ||    75
Dodge: Dodged            |    26 |    29 ||    55
Block: Buckler           |    17 |    13 ||    30

Table legend: (Time is in decaauts)
 A = Elapsed time spent in this place.
 B = Non-inter-level travel time spent in this place.
 C = Inter-level travel time spent in this place.
 D = Time resting spent in this place.
 E = Time spent auto-exploring this place.
 F = Levels seen in this place.
 G = Mean time per level.
                   A        B        C        D        E       F      G
               +--------+--------+--------+--------+--------+-----+--------+
         Total |   2615 |   2507 |    108 |     16 |   2093 |   4 |  653.8 |
       Dungeon |   2615 |   2507 |    108 |     16 |   2093 |   4 |  653.8 |
               +--------+--------+--------+--------+--------+-----+--------+

Top non-repeatable levels by time:
     D:2: 1100 daAuts
     D:3: 802 daAuts
     D:1: 707 daAuts
     D:4: 4 daAuts
